 Dungeon Crawl Stone Soup version 0.20.0-10-g0535bb4 (webtiles) character file.

49 miragecloak the Changer (level 3, -2/23 HPs)
             Began as an Octopode Transmuter on June 6, 2017.
             Slain by miragecloak's ghost (6 damage)
             ... on level 3 of the Dungeon.
             The game lasted 00:01:41 (2429 turns).

miragecloak the Changer (Octopode Transmuter)       Turns: 2429, Time: 00:01:42

Health: -2/23      AC:  2    Str:  9    XL:     3   Next: 77%
Magic:  4/6        EV: 20    Int: 15    God:
Gold:   95         SH:  0    Dex: 18    Spells: 2/6 levels left

rFire    . . .     SeeInvis .     - Unarmed
rCold    . . .     Gourm    .   (shield currently unavailable)
rNeg     . . .     Faith    .   (helmet currently unavailable)
rPois    x         Spirit   .   (no amulet)
rElec    .         Reflect  .   (no ring)
rCorr    .         Harm     .   (no ring)
MR       .....                  (no ring)
Stlth    ++........             (no ring)
Regen    0.1/turn               (no ring)
MPRegen  0.1/turn               (no ring)
                                (no ring)
                                (no ring)

@: spider-form (expiring)
A: almost no armour, stealthy swim, (amphibious), 8 rings, (constrict 8)
a: End Transformation


You were on level 3 of the Dungeon.
You were very hungry.
You were a venomous arachnid creature.
You visited 1 branch of the dungeon, and saw 3 of its levels.

You collected 95 gold pieces.

Inventory:

Missiles
 a - 32 arrows
Armour
 m - a +2 shield
Scrolls
 d - 6 scrolls of identify {unknown}
 e - 2 scrolls of magic mapping {unknown}
 g - a scroll of recharging {unknown}
 i - 3 scrolls of teleportation {unknown}
Potions
 f - a potion of agility {unknown}
 j - 2 potions of curing {unknown}
 n - a potion of haste {unknown}
Books
 b - a book of Changes

   Spells                             Type                      Level
   a - Beastly Appendage              Transmutation                1
   b - Sticks to Snakes               Transmutation                2
   c - Spider Form                    Transmutation/Poison         3
   d - Ice Form                       Ice/Transmutation            4
   e - Blade Hands                    Transmutation                5
Comestibles
 c - 2 bread rations
 h - 4 fruits
 k - a royal jelly
 l - a meat ration


   Skills:
 - Level 1.0 Fighting
 - Level 2.0 Dodging
 - Level 3.0 Unarmed Combat
 - Level 2.0 Spellcasting
 + Level 3.6 Transmutations
 * Level 1.4 Poison Magic


You had 2 spell levels left.
You knew the following spells:

 Your Spells              Type           Power        Failure   Level  Hunger
a - Beastly Appendage     Tmut           ##....       14%         1    #......
b - Spider Form           Tmut/Pois      #.........   45%         3    ###....


Dungeon Overview and Level Annotations

Branches:
Dungeon (3/15)

Altars:
Fedhas
Nemelex Xobeh
Xom
The Shining One

Annotations:
D:3 miragecloak's ghost, amateur OpTm


Innate Abilities, Weirdness & Mutations

You cannot wear most types of armour.
You are very stealthy in the water. (Stealth+)
((You are amphibious.))
You can wear up to eight rings at the same time.
((You can use your tentacles to constrict eight enemies at once.))
((Your skin changes colour to match your surroundings (Stealth+).))
((Your rubbery body absorbs attacks. (AC +1, EV +1)))


Message History

Miragecloak's ghost hits you.
You hit miragecloak's ghost.
Miragecloak's ghost is moderately damaged.
Miragecloak's ghost hits you but does no damage.
You hit miragecloak's ghost but do no damage.
Miragecloak's ghost is moderately damaged.
Your transformation is almost over.
Miragecloak's ghost completely misses you.
You hit miragecloak's ghost.
Miragecloak's ghost is heavily damaged.
Miragecloak's ghost hits you!
* * * LOW HITPOINT WARNING * * *
You hit miragecloak's ghost.
Miragecloak's ghost is heavily damaged.
Miragecloak's ghost hits you.
* * * LOW HITPOINT WARNING * * *
x2 You barely miss miragecloak's ghost.
Miragecloak's ghost is heavily damaged.
Miragecloak's ghost hits you.
You die...

#.....# #.## ##)#
#.....# #.# #.#
#.)..## #.## ##.#
#.#### ##.## ##.## #.#
##.###.## #.#
##...######. #.#
#..........
#.##########..########
#........Ws...#
#############.# #.#
#.[ ####


You could see miragecloak's ghost.

Vanquished Creatures
  An adder (D:2)
  A worm (D:2)
  4 leopard geckos
  An orc (D:3)
  A giant cockroach (D:1)
  5 goblins
  2 hobgoblins
  A quokka (D:2)
  2 ball pythons
  3 bats (D:1)
  5 frilled lizards
  4 kobolds
  4 rats
34 creatures vanquished.

Notes
Turn   | Place    | Note
-------+----------+-------------------------------------------
     0 | D:1      | miragecloak the Octopode Transmuter began the quest for the Orb.
     0 | D:1      | Reached XP level 1. HP: 13/13 MP: 3/3
   500 | D:1      | Reached XP level 2. HP: 18/18 MP: 3/5
  1354 | D:2      | Reached XP level 3. HP: 13/23 MP: 3/6
  1359 | D:2      | Learned a level 3 spell: Spider Form
  1528 | D:2      | Found a sparkling altar of Nemelex Xobeh.
  1773 | D:2      | Found a glowing golden altar of the Shining One.
  1844 | D:2      | Reached skill level 1 in Poison Magic
  2240 | D:2      | Found a blossoming altar of Fedhas.
  2240 | D:2      | Found a shimmering altar of Xom.
  2415 | D:3      | Noticed miragecloak's ghost (amateur OpTm)
  2429 | D:3      | Slain by miragecloak's ghost

Skill      XL: |  1  2  3 |
---------------+----------+-----
Transmutations | 3 |  3.6
Poison Magic   | 1 |  1.4
Fighting       | |  1.0
Dodging        | |  2.0
Unarmed Combat | |  3.0
Spellcasting   | |  2.0

Action                   || total
-------------------------++-------
Melee: Unarmed           ||    86
       Constrict         ||    19
       Kick              ||     9
       Tentacles         ||     6
       Punch             ||     1
 Cast: Beastly Appendage ||    19
       Spider Form       ||     8
 Stab: Sleeping          ||     4
  Eat: Chunk             ||     5
Armor: Skin              ||     3
Dodge: Dodged            ||    49
